 Dungeon Crawl Stone Soup version 0.29.0-13-gc9e81de378 (webtiles) character file.

Game seed: 9148013477661614148

1848 themarg the Chopper (level 8, -12/111 HPs)
             Began as a Minotaur Berserker on Sept 7, 2022.
             Was an Elder of Trog.
             Mangled by an ogre
             ... wielding a +0 giant spiked club
              (22 damage)
             ... on level 6 of the Dungeon.
             The game lasted 00:09:42 (4664 turns).

themarg the Chopper (Minotaur Berserker)            Turns: 4664, Time: 00:09:42

Health: -12/111    AC: 10    Str: 25    XL:     8   Next: 88%
Magic:  7/7        EV: 13    Int:  4    God:    Trog [****..]
Gold:   220        SH:  0    Dex:  9    Spells: 7/7 levels left

rFire   . . .      SeeInvis .   a - +0 hand axe
rCold   . . .      Faith    .   (no shield)
rNeg    . . .      Spirit   .   n - +0 leather armour
rPois   +          Reflect  .   (helmet restricted)
rElec   .          Harm     .   y - +1 cloak
rCorr   .          Rampage  .   (no gloves)
Will    .....                   (no boots)
Stlth   ..........              (no amulet)
HPRegen 0.28/turn               h - ring of poison resistance
MPRegen 0.10/turn               s - +4 ring of protection

@: berserking, very quick
A: horns 2, retaliatory headbutt
a: Renounce Religion, Berserk, Trog's Hand, Brothers in Arms


You were on level 6 of the Dungeon.
You worshipped Trog.
Trog was greatly pleased with you.
You visited 1 branch of the dungeon, and saw 6 of its levels.

You collected 220 gold pieces.

Inventory:

Hand Weapons
 a - a +0 hand axe (weapon)
 t - a +2 flail of protection
Missiles
 i - 2 throwing nets (quivered)
 v - 2 atropa-tipped darts
 A - 2 poisoned darts
Armour
 n - a +0 leather armour (worn)
 y - a +1 cloak (worn)
Jewellery
 h - a ring of poison resistance (left hand)
 k - a ring of ice
 s - a +4 ring of protection (right hand)
Wands
 w - a wand of mindburst (20)
Scrolls
 b - 3 scrolls of blinking {unknown}
 c - a scroll of brand weapon {unknown}
 e - a scroll of acquirement {unknown}
 f - a scroll of silence {unknown}
 j - 3 scrolls of identify {unknown}
 p - 2 scrolls of fog {unknown}
 r - a scroll of immolation {unknown}
 u - 2 scrolls of vulnerability {unknown}
 x - a scroll of fear {unknown}
Potions
 d - 4 potions of might {unknown}
 g - 6 potions of curing
 l - 4 potions of mutation {unknown}
 m - 3 potions of invisibility
 o - a potion of heal wounds {unknown}
 q - a potion of brilliance {unknown}
 z - 2 potions of degeneration {unknown}


   Skills:
 + Level 7.8 Fighting
 + Level 7.8 Axes
 + Level 7.3 Armour
 + Level 6.6 Dodging


You had 7 spell levels left.
You didn't know any spells.
Your spell library was empty.

Dungeon Overview and Level Annotations

Branches:
Dungeon (6/15)
 Temple: D:4-7

Altars:
Nemelex Xobeh
Yredelemnul


Innate Abilities, Weirdness & Mutations

You have a pair of horns on your head.
You reflexively headbutt those who attack you in melee.


Message History

The black bear is almost dead.
The black bear misses you.
The black bear claws you but does no damage. x2
An ogre comes into view. It is wielding a +0 giant spiked club.
The black bear bites you. The black bear closely misses you. x2
You slash the black bear!
You kill the black bear!
Trog accepts your kill.
You barely miss the orc. You barely miss the orc. You hit the ogre.
The orc misses you. The ogre misses you.
You hit the orc but do no damage. Your headbutt misses the orc.
You completely miss the ogre. The orc completely misses you.
You hit the orc but do no damage. You hit the ogre. The ogre misses you.
You furiously retaliate!
You headbutt the ogre. The orc closely misses you.
You hit the orc but do no damage. You closely miss the ogre.
The ogre misses you. You furiously retaliate!
You headbutt the ogre. The orc hits you with a +0 club.
You barely miss the orc. You headbutt the orc.
The orc is heavily wounded.
You hit the ogre but do no damage. You closely miss the orc.
The orc barely misses you. The orc hits you but does no damage.
You slash the orc!
You kill the orc!
Trog accepts your kill.
You hit the ogre. You hit the orc.
You kill the orc!
Trog accepts your kill.
The ogre hits you with a +0 giant spiked club!!
You completely miss the ogre.
The ogre is heavily wounded.
Okay, then.
You slash the ogre!
The ogre is almost dead.
The ogre hits you with a +0 giant spiked club!!
* * * LOW HITPOINT WARNING * * *
A red film seems to cover your vision as you go berserk!
You feel yourself moving faster!
You feel mighty!
The ogre hits you with a +0 giant spiked club!!
You die...

######### o.h...... .........
........# .. .......o# ..
o.o.....#####.. #
#############O.....##+###.#
#......#....@).....#......#
#......#....#).....#......#
#......'....#......#......+
#.....###+###......#'########
#.....##...#####'#...........
#................#...........
####+###.........#...........
#.........#...........
+.........#...........


You could see an ogre and an orc wizard.

Vanquished Creatures
  Pikel (D:5)
  Grinder (D:3)
  Menkaure (D:6)
  3 black bears
  An ogre (D:5)
  A centaur (D:5)
  A lemure (D:5)
  2 scorpions (D:4)
  A howler monkey (D:4)
  A hound (D:5)
  Crazy Yiuf (D:4)
  2 orc priests
  An iguana (D:5)
  Terence (D:3)
  2 orc wizards (D:3)
  A hound skeleton (D:3)
  Robin (D:3)
  3 gnolls (D:6)
  5 adders
  2 shadow imps (D:6)
  An ufetubus (D:4)
  2 adder zombies (D:3)
  An adder skeleton (D:3)
  4 worms
  A dart slug (D:4)
  15 orcs
  5 bats
  5 endoplasms
  4 giant cockroaches
  15 goblins
  14 hobgoblins
  7 jackals
  4 quokkas
  7 ball pythons
  A ball python zombie (D:3)
  3 frilled lizards
  9 kobolds
  7 rats
137 creatures vanquished.

Notes
Turn   | Place    | Note
-------+----------+-------------------------------------------
     0 | D:1      | themarg the Minotaur Berserker began the quest for the Orb.
     0 | D:1      | Reached XP level 1. HP: 19/19 MP: 0/0
    92 | D:1      | Reached XP level 2. HP: 19/27 MP: 1/1
   488 | D:1      | Reached XP level 3. HP: 27/33 MP: 2/2
   712 | D:2      | Reached ** piety under Trog
  1012 | D:2      | Found a faded altar of an unknown god.
  1487 | D:3      | Found a basalt altar of Yredelemnul.
  1510 | D:3      | Reached XP level 4. HP: 41/41 MP: 3/3
  1653 | D:3      | Noticed Grinder
  1670 | D:3      | Killed Grinder
  1671 | D:3      | Reached skill level 5 in Fighting
  1671 | D:3      | Reached skill level 5 in Axes
  1671 | D:3      | Reached XP level 5. HP: 20/48 MP: 4/4
  1671 | D:3      | Reached XP level 6. HP: 24/56 MP: 5/5
  2058 | D:3      | Noticed Terence
  2063 | D:3      | Killed Terence
  2310 | D:3      | Identified the +1 helmet of Anaesthesia {rF+ rC+ Will+}
  2310 | D:3      | Noticed Robin
  2314 | D:3      | Reached *** piety under Trog
  2327 | D:3      | Killed Robin
  2772 | D:4      | Reached skill level 5 in Armour
  2772 | D:4      | Reached XP level 7. HP: 48/62 MP: 6/6
  3077 | D:4      | Found a runed translucent door.
  3078 | D:4      | Noticed Crazy Yiuf
  3167 | D:4      | Found a sparkling altar of Nemelex Xobeh.
  3299 | D:4      | Killed Crazy Yiuf
  3757 | D:5      | Entered Level 5 of the Dungeon
  3775 | D:5      | Reached skill level 5 in Dodging
  4009 | D:5      | Identified the +0 ring mail "Naedeire" {Harm rF- rCorr
                  | Stlth+}
  4093 | D:5      | Reached XP level 8. HP: 65/71 MP: 7/7
  4107 | D:5      | Noticed Pikel
  4120 | D:5      | Killed Pikel
  4588 | D:6      | Noticed Menkaure
  4594 | D:6      | Killed Menkaure
  4594 | D:6      | Reached **** piety under Trog
  4664 | D:6      | Mangled by an ogre

Illustrated notes

Levels and vault maps discovered:
D:1:      tarquinn_simple_flora_water_d, layout_rooms
D:2:      layout_rooms, shapermc_ecumenical_altar_totnotflames
D:3:      layout_basic, nicolae_overflow_crystal_walls, serial_undead,
          serial_undead_c, serial_undead_a, serial_undead_e, serial_undead_f,
          hangedman_decor_opposing, uniq_grinder, uniq_robin, uniq_terence
D:4:      layout_rooms, lemuel_round_altar, uniq_crazy_yiuf_cottage
D:5:      layout_rooms, grunt_ministairs_9, uniq_pikel
D:6:      wander_river, layout_gridville, uniq_menkaure

Skill      XL: |  1  2  3  4  5  6  7  8 |
---------------+-------------------------+-----
Fighting       | 4 5 6 7 |  7.8
Axes           | 4 5 6 7 |  7.8
Armour         | 3 4 5 6 7 |  7.3
Dodging        | 3 4 5 6 |  6.6

Action                   |  1- 3 |  4- 6 |  7- 9 || total
-------------------------+-------+-------+-------++-------
Melee: Hand axe          |    97 |   106 |   118 ||   321
       Headbutt          |     9 |    17 |    30 ||    56
       Punch             |     2 |       |       ||     2
Invok: Berserk           |       |     2 |     3 ||     5
 Stab: Sleeping          |     1 |       |       ||     1
Armor: Animal skin       |    11 |       |       ||    11
       Leather armour    |    12 |    46 |    62 ||   120
Dodge: Dodged            |    78 |    71 |   101 ||   250
